Workbook
Name GPpcntMjr: #REF!
Name GPpcntSCH: #REF!
Name UGpcntDeg: #REF!
Name UGpcntSCH: #REF!

Sheet Reference
A7: SPREADSHEET TITLE | B7: TuitSalModel.xlsx
A9: Created by | B9: Carol Diem
A10: Contact | B10: cdiem@uw.edu
A11: Date created | B11: 42314
A13: Purpose | B13: This spreadsheet allows the user to see the cost of various salary increases for Seattle administrative units.
A15: Source data | B15: Information about salaries are derived from BGT. As of October 5, 2015, and download of budgeted positions and associated salaries was pulled from BGT. This, in combination with projected benefit load rates for FY17 form the basis of the estimated cost of salary increases.

Sheet Salaries
B1: FY17 Cost of Salary and Benefit Increases for Admin Units GOF and DOF Salaries | C1: Increase - Faculty & Professional | D1: Increase - Classified | E1: Increase - ASEs | F1: Salary Increase (includes associated benefit increase) | G1: Provost Support | H1: Gap
A2: 200 | B2: President's Office | C2: =SUMIF(AdminSalbyUnitByEmpType!$C$3:C$50,Salaries!$A2,AdminSalbyUnitByEmpType!$I$3:$I$50) -> 107429.35 | D2: =SUMIF(AdminSalbyUnitByEmpType!$C$51:C$66,Salaries!$A2,AdminSalbyUnitByEmpType!$I$51:$I$66) -> 0 | E2: =SUMIF(AdminSalbyUnitByEmpType!$C$67:C$101,Salaries!$A2,AdminSalbyUnitByEmpType!$I$67:$I$101) -> 0 | F2: =ROUND(SUM(C2:E2),-3) -> 107000 | G2: =+$F$35*F2 -> 101650 | H2: =+F2-G2 -> 5350
A3: 201 | B3: Attorney General | C3: =SUMIF(AdminSalbyUnitByEmpType!$C$3:C$50,Salaries!$A3,AdminSalbyUnitByEmpType!$I$3:$I$50) -> 4856.4792 | D3: =SUMIF(AdminSalbyUnitByEmpType!$C$51:C$66,Salaries!$A3,AdminSalbyUnitByEmpType!$I$51:$I$66) -> 9465.7061 | E3: =SUMIF(AdminSalbyUnitByEmpType!$C$67:C$101,Salaries!$A3,AdminSalbyUnitByEmpType!$I$67:$I$101) -> 0 | F3: =ROUND(SUM(C3:E3),-3) -> 14000 | G3: =+$F$35*F3 -> 13300 | H3: =+F3-G3 -> 700
A4: 202 | B4: Provost | C4: =SUMIF(AdminSalbyUnitByEmpType!$C$3:C$50,Salaries!$A4,AdminSalbyUnitByEmpType!$I$3:$I$50) -> 449912.43 | D4: =SUMIF(AdminSalbyUnitByEmpType!$C$51:C$66,Salaries!$A4,AdminSalbyUnitByEmpType!$I$51:$I$66) -> 58846.762 | E4: =SUMIF(AdminSalbyUnitByEmpType!$C$67:C$101,Salaries!$A4,AdminSalbyUnitByEmpType!$I$67:$I$101) -> 5843.7344 | F4: =ROUND(SUM(C4:E4),-3) -> 515000 | G4: =+$F$35*F4 -> 489250 | H4: =+F4-G4 -> 25750
A5: 203 | B5: Planning and Management | C5: =SUMIF(AdminSalbyUnitByEmpType!$C$3:C$50,Salaries!$A5,AdminSalbyUnitByEmpType!$I$3:$I$50) -> 265195.21 | D5: =SUMIF(AdminSalbyUnitByEmpType!$C$51:C$66,Salaries!$A5,AdminSalbyUnitByEmpType!$I$51:$I$66) -> 0 | E5: =SUMIF(AdminSalbyUnitByEmpType!$C$67:C$101,Salaries!$A5,AdminSalbyUnitByEmpType!$I$67:$I$101) -> 0 | F5: =ROUND(SUM(C5:E5),-3) -> 265000 | G5: =+$F$35*F5 -> 251750 | H5: =+F5-G5 -> 13250
A6: 206 | B6: Minority Affairs | C6: =SUMIF(AdminSalbyUnitByEmpType!$C$3:C$50,Salaries!$A6,AdminSalbyUnitByEmpType!$I$3:$I$50) -> 212463.14 | D6: =SUMIF(AdminSalbyUnitByEmpType!$C$51:C$66,Salaries!$A6,AdminSalbyUnitByEmpType!$I$51:$I$66) -> 12232.183 | E6: =SUMIF(AdminSalbyUnitByEmpType!$C$67:C$101,Salaries!$A6,AdminSalbyUnitByEmpType!$I$67:$I$101) -> 1406.5385 | F6: =ROUND(SUM(C6:E6),-3) -> 226000 | G6: =+$F$35*F6 -> 214700 | H6: =+F6-G6 -> 11300
A7: 207 | B7: Libraries | C7: =SUMIF(AdminSalbyUnitByEmpType!$C$3:C$50,Salaries!$A7,AdminSalbyUnitByEmpType!$I$3:$I$50) -> 486315.04 | D7: =SUMIF(AdminSalbyUnitByEmpType!$C$51:C$66,Salaries!$A7,AdminSalbyUnitByEmpType!$I$51:$I$66) -> 143219.84 | E7: =SUMIF(AdminSalbyUnitByEmpType!$C$67:C$101,Salaries!$A7,AdminSalbyUnitByEmpType!$I$67:$I$101) -> 1744.0315 | F7: =ROUND(SUM(C7:E7),-3) -> 631000 | G7: =+$F$35*F7 -> 599450 | H7: =+F7-G7 -> 31550
A8: 208 | B8: Finance and Facilities | C8: =SUMIF(AdminSalbyUnitByEmpType!$C$3:C$50,Salaries!$A8,AdminSalbyUnitByEmpType!$I$3:$I$50) -> 1086906.8 | D8: =SUMIF(AdminSalbyUnitByEmpType!$C$51:C$66,Salaries!$A8,AdminSalbyUnitByEmpType!$I$51:$I$66) -> 855830.91 | E8: =SUMIF(AdminSalbyUnitByEmpType!$C$67:C$101,Salaries!$A8,AdminSalbyUnitByEmpType!$I$67:$I$101) -> 0 | F8: =ROUND(SUM(C8:E8),-3) -> 1943000 | G8: =+$F$35*F8 -> 1845850 | H8: =+F8-G8 -> 97150
A9: 209 | B9: Human Resources | C9: =SUMIF(AdminSalbyUnitByEmpType!$C$3:C$50,Salaries!$A9,AdminSalbyUnitByEmpType!$I$3:$I$50) -> 363643.37 | D9: =SUMIF(AdminSalbyUnitByEmpType!$C$51:C$66,Salaries!$A9,AdminSalbyUnitByEmpType!$I$51:$I$66) -> 11800.6 | E9: =SUMIF(AdminSalbyUnitByEmpType!$C$67:C$101,Salaries!$A9,AdminSalbyUnitByEmpType!$I$67:$I$101) -> 0 | F9: =ROUND(SUM(C9:E9),-3) -> 375000 | G9: =+$F$35*F9 -> 356250 | H9: =+F9-G9 -> 18750
A10: 210 | B10: UW IT | C10: =SUMIF(AdminSalbyUnitByEmpType!$C$3:C$50,Salaries!$A10,AdminSalbyUnitByEmpType!$I$3:$I$50) -> 1403509.3 | D10: =SUMIF(AdminSalbyUnitByEmpType!$C$51:C$66,Salaries!$A10,AdminSalbyUnitByEmpType!$I$51:$I$66) -> 46462.02 | E10: =SUMIF(AdminSalbyUnitByEmpType!$C$67:C$101,Salaries!$A10,AdminSalbyUnitByEmpType!$I$67:$I$101) -> 5633.7811 | F10: =ROUND(SUM(C10:E10),-3) -> 1456000 | G10: =+$F$35*F10 -> 1383200 | H10: =+F10-G10 -> 72800
A11: 212 | B11: Student Life | C11: =SUMIF(AdminSalbyUnitByEmpType!$C$3:C$50,Salaries!$A11,AdminSalbyUnitByEmpType!$I$3:$I$50) -> 259455.23 | D11: =SUMIF(AdminSalbyUnitByEmpType!$C$51:C$66,Salaries!$A11,AdminSalbyUnitByEmpType!$I$51:$I$66) -> 118221.13 | E11: =SUMIF(AdminSalbyUnitByEmpType!$C$67:C$101,Salaries!$A11,AdminSalbyUnitByEmpType!$I$67:$I$101) -> 0 | F11: =ROUND(SUM(C11:E11),-3) -> 378000 | G11: =+$F$35*F11 -> 359100 | H11: =+F11-G11 -> 18900
A12: 214 | B12: External Affairs | C12: =SUMIF(AdminSalbyUnitByEmpType!$C$3:C$50,Salaries!$A12,AdminSalbyUnitByEmpType!$I$3:$I$50) -> 79408.728 | D12: =SUMIF(AdminSalbyUnitByEmpType!$C$51:C$66,Salaries!$A12,AdminSalbyUnitByEmpType!$I$51:$I$66) -> 328.53792 | E12: =SUMIF(AdminSalbyUnitByEmpType!$C$67:C$101,Salaries!$A12,AdminSalbyUnitByEmpType!$I$67:$I$101) -> 0 | F12: =ROUND(SUM(C12:E12),-3) -> 80000 | G12: =+$F$35*F12 -> 76000 | H12: =+F12-G12 -> 4000
A13: 215 | B13: Development | C13: =SUMIF(AdminSalbyUnitByEmpType!$C$3:C$50,Salaries!$A13,AdminSalbyUnitByEmpType!$I$3:$I$50) -> 615691.85 | D13: =SUMIF(AdminSalbyUnitByEmpType!$C$51:C$66,Salaries!$A13,AdminSalbyUnitByEmpType!$I$51:$I$66) -> 2599.1966 | E13: =SUMIF(AdminSalbyUnitByEmpType!$C$67:C$101,Salaries!$A13,AdminSalbyUnitByEmpType!$I$67:$I$101) -> 0 | F13: =ROUND(SUM(C13:E13),-3) -> 618000 | G13: =+$F$35*F13 -> 587100 | H13: =+F13-G13 -> 30900
... A16: 301 | B16: Health Sciences Administration | C16: =SUMIF(AdminSalbyUnitByEmpType!$C$3:C$50,Salaries!$A16,AdminSalbyUnitByEmpType!$I$3:$I$50) -> 328210.38 | D16: =SUMIF(AdminSalbyUnitByEmpType!$C$51:C$66,Salaries!$A16,AdminSalbyUnitByEmpType!$I$51:$I$66) -> 52380.721 | E16: =SUMIF(AdminSalbyUnitByEmpType!$C$67:C$101,Salaries!$A16,AdminSalbyUnitByEmpType!$I$67:$I$101) -> 0 | F16: =ROUND(SUM(C16:E16),-3) -> 381000 | G16: =+$F$35*F16 -> 361950 | H16: =+F16-G16 -> 19050
A17: 400 | B17: Central/Administrative Units | C17: =SUMIF(AdminSalbyUnitByEmpType!$C$3:C$61,Salaries!$A17,AdminSalbyUnitByEmpType!$I$3:$I$61) -> 0 | D17: =SUMIF(AdminSalbyUnitByEmpType!$C$62:D$81,Salaries!$A17,AdminSalbyUnitByEmpType!$I$62:$I$81) -> 0 | E17: =SUMIF(AdminSalbyUnitByEmpType!$C$82:E$101,Salaries!$A17,AdminSalbyUnitByEmpType!$I$82:$I$101) -> 229872.13 | F17: =ROUND(SUM(C17:E17),-3) -> 230000 | G17: =+$F$35*F17 -> 218500 | H17: =+F17-G17 -> 11500
A18: 401 | B18: Deans/Chancellors | C18: =SUMIF(AdminSalbyUnitByEmpType!$C$3:C$61,Salaries!$A18,AdminSalbyUnitByEmpType!$I$3:$I$61) -> 0 | D18: =SUMIF(AdminSalbyUnitByEmpType!$C$62:D$81,Salaries!$A18,AdminSalbyUnitByEmpType!$I$62:$I$81) -> 0 | E18: =SUMIF(AdminSalbyUnitByEmpType!$C$82:E$101,Salaries!$A18,AdminSalbyUnitByEmpType!$I$82:$I$101) -> 0 | F18: =ROUND(SUM(C18:E18),-3) -> 0 | G18: =+$F$35*F18 -> 0 | H18: =+F18-G18 -> 0
A19: 303 | B19: UW Medicine | C19: =SUMIF(AdminSalbyUnitByEmpType!$C$3:C$50,Salaries!$A19,AdminSalbyUnitByEmpType!$I$3:$I$50) -> 36705.161 | D19: =SUMIF(AdminSalbyUnitByEmpType!$C$51:C$66,Salaries!$A19,AdminSalbyUnitByEmpType!$I$51:$I$66) -> 1057.5442 | E19: =SUMIF(AdminSalbyUnitByEmpType!$C$67:C$101,Salaries!$A19,AdminSalbyUnitByEmpType!$I$67:$I$101) -> 0 | F19: =ROUND(SUM(C19:E19),-3) -> 38000 | G19: =+$F$35*F19 -> 36100 | H19: =+F19-G19 -> 1900
A20: 400 | B20: Central/Administrative Units - DOF | C20: =SUMIF(#REF!,Salaries!$A20,#REF!) -> #REF! | D20: =SUMIF(#REF!,Salaries!$A20,#REF!) -> #REF! | E20: =SUMIF(#REF!,Salaries!$A20,#REF!) -> #REF! | F20: =SUM(C20:E20) -> #REF!
A21: 401 | B21: Deans/Chancellors - DOF | C21: =SUMIF(#REF!,Salaries!$A21,#REF!) -> #REF! | D21: =SUMIF(#REF!,Salaries!$A21,#REF!) -> #REF! | E21: =SUMIF(#REF!,Salaries!$A21,#REF!) -> #REF! | F21: =SUM(C21:E21) -> #REF!
B23: Note that loss from true-up to PRF not noted
B24: -1.933m
B25: Note that the cost of salary increases to deans, chancellors, and VPs are excluded from these calculations.
B27: Salary Increases
B28: Faculty | F28: 0.04
B29: Auxiliary Teaching Staff | F29: =+F28 -> 0.04
B30: Professional Staff | F30: =+F28 -> 0.04
B31: Classified Staff | F31: 0.02
B32: Academic Student Employees | F32: 0.06
B34: Assumptions
B35: % of increase covered for administrative/central units | F35: 0.95
B37: Permanent PRF Required
B38: Academic units - supplement to reach baseline % | C38: =SUM(M2:M16) -> 0
B39: Central/admin units - supplement to reach baseline % | C39: =+M17+M18 -> 0
B40: Central/admin units - shortfall | C40: =-(V17+V18) -> 0
B41: Central/admin units - DOF positions | C41: =-(V20+V21) -> 0
B42: Total permanent cost to Provost | C42: =+C38+C39+C40+C41 -> 0
B44: Additional temporary funds to cover academic unit shortfalls | C44: =-SUMIF(V2:V16,"<0",V2:V16) -> 0

Sheet AdminSalbyUnitByEmpType
E1: FY16 | F1: FY17 | G1: FY17 | H1: FY17 | I1: FY17 Addl
A2: EmpTypeOrder | B2: EmpTypeName | C2: COLL | D2: COLL_NAME | E2: Salary | F2: Salary | G2: Sal Incr | H2: Benefits Assoc w Salary Incr
A3: 1 | B3: Faculty | C3: 200 | D3: President | E3: 536784 | F3: =E3*(1+VLOOKUP($B3,Salaries!$B$28:$F$32,5,FALSE)) -> 558255.36 | G3: =+F3-E3 -> 21471.36 | H3: =G3*VLOOKUP($B3,LoadRates!$C$2:$E$6,3,FALSE) -> 5217.5405 | I3: =+G3+H3 -> 26688.9
A4: 1 | B4: Faculty | C4: 201 | D4: ATTORNEY GENERAL | E4: 0 | F4: =E4*(1+VLOOKUP($B4,Salaries!$B$28:$F$32,5,FALSE)) -> 0 | G4: =+F4-E4 -> 0 | H4: =G4*VLOOKUP($B4,LoadRates!$C$2:$E$6,3,FALSE) -> 0 | I4: =+G4+H4 -> 0
A5: 1 | B5: Faculty | C5: 202 | D5: PROVOST | E5: 547697 | F5: =E5*(1+VLOOKUP($B5,Salaries!$B$28:$F$32,5,FALSE)) -> 569604.88 | G5: =+F5-E5 -> 21907.88 | H5: =G5*VLOOKUP($B5,LoadRates!$C$2:$E$6,3,FALSE) -> 5323.6148 | I5: =+G5+H5 -> 27231.495
A6: 1 | B6: Faculty | C6: 203 | D6: PLANNING AND MANAGEMNT | E6: 0 | F6: =E6*(1+VLOOKUP($B6,Salaries!$B$28:$F$32,5,FALSE)) -> 0 | G6: =+F6-E6 -> 0 | H6: =G6*VLOOKUP($B6,LoadRates!$C$2:$E$6,3,FALSE) -> 0 | I6: =+G6+H6 -> 0
A7: 1 | B7: Faculty | C7: 206 | D7: VP MINORITY AFFAIRS | E7: 0 | F7: =E7*(1+VLOOKUP($B7,Salaries!$B$28:$F$32,5,FALSE)) -> 0 | G7: =+F7-E7 -> 0 | H7: =G7*VLOOKUP($B7,LoadRates!$C$2:$E$6,3,FALSE) -> 0 | I7: =+G7+H7 -> 0
A8: 1 | B8: Faculty | C8: 207 | D8: DEAN OF LIBRARIES | E8: 0 | F8: =E8*(1+VLOOKUP($B8,Salaries!$B$28:$F$32,5,FALSE)) -> 0 | G8: =+F8-E8 -> 0 | H8: =G8*VLOOKUP($B8,LoadRates!$C$2:$E$6,3,FALSE) -> 0 | I8: =+G8+H8 -> 0
A9: 1 | B9: Faculty | C9: 208 | D9: UW FINANCE&FACILITIES | E9: 0 | F9: =E9*(1+VLOOKUP($B9,Salaries!$B$28:$F$32,5,FALSE)) -> 0 | G9: =+F9-E9 -> 0 | H9: =G9*VLOOKUP($B9,LoadRates!$C$2:$E$6,3,FALSE) -> 0 | I9: =+G9+H9 -> 0
A10: 1 | B10: Faculty | C10: 209 | D10: HUMAN RESOURCES | E10: 0 | F10: =E10*(1+VLOOKUP($B10,Salaries!$B$28:$F$32,5,FALSE)) -> 0 | G10: =+F10-E10 -> 0 | H10: =G10*VLOOKUP($B10,LoadRates!$C$2:$E$6,3,FALSE) -> 0 | I10: =+G10+H10 -> 0
A11: 1 | B11: Faculty | C11: 210 | D11: UW INFO TECH | E11: 0 | F11: =E11*(1+VLOOKUP($B11,Salaries!$B$28:$F$32,5,FALSE)) -> 0 | G11: =+F11-E11 -> 0 | H11: =G11*VLOOKUP($B11,LoadRates!$C$2:$E$6,3,FALSE) -> 0 | I11: =+G11+H11 -> 0
A12: 1 | B12: Faculty | C12: 212 | D12: VP STUDENT LIFE | E12: 19980 | F12: =E12*(1+VLOOKUP($B12,Salaries!$B$28:$F$32,5,FALSE)) -> 20779.2 | G12: =+F12-E12 -> 799.2 | H12: =G12*VLOOKUP($B12,LoadRates!$C$2:$E$6,3,FALSE) -> 194.2056 | I12: =+G12+H12 -> 993.4056
A13: 1 | B13: Faculty | C13: 214 | D13: EXTERNAL AFFAIRS | E13: 0 | F13: =E13*(1+VLOOKUP($B13,Salaries!$B$28:$F$32,5,FALSE)) -> 0 | G13: =+F13-E13 -> 0 | H13: =G13*VLOOKUP($B13,LoadRates!$C$2:$E$6,3,FALSE) -> 0 | I13: =+G13+H13 -> 0
A14: 1 | B14: Faculty | C14: 215 | D14: VP FOR DEVELOPMENT | E14: 0 | F14: =E14*(1+VLOOKUP($B14,Salaries!$B$28:$F$32,5,FALSE)) -> 0 | G14: =+F14-E14 -> 0 | H14: =G14*VLOOKUP($B14,LoadRates!$C$2:$E$6,3,FALSE) -> 0 | I14: =+G14+H14 -> 0
... A101: 5 | B101: Academic Student Employees | C101: 600 | D101: UW TACOMA | E101: 20820 | F101: =E101*(1+VLOOKUP($B101,Salaries!$B$28:$F$32,5,FALSE)) -> 22069.2 | G101: =+F101-E101 -> 1249.2 | H101: =G101*VLOOKUP($B101,LoadRates!$C$2:$E$6,3,FALSE) -> 221.1084 | I101: =+G101+H101 -> 1470.3084

Sheet LoadRates
A1: AcctCodeCalcGp | B1: EmpTypeOrder | C1: EmpTypeName | D1: FY15 | E1: FY16 | F1: FY17 | G1: ChgRate FY16 | H1: ChgRate FY17
A2: Faculty | B2: 1 | C2: Faculty | D2: 0.227 | E2: 0.243 | F2: 0.244 | G2: =+E2-D2 -> 0.016 | H2: =+F2-E2 -> 0.001
A3: AuxTeaching | B3: 2 | C3: Auxiliary Teaching Staff | D3: 0.267 | E3: 0.307 | F3: 0.307 | G3: =+E3-D3 -> 0.04 | H3: =+F3-E3 -> 0
A4: Professional | B4: 3 | C4: Professional Staff | D4: 0.277 | E4: 0.305 | F4: 0.304 | G4: =+E4-D4 -> 0.028 | H4: =+F4-E4 -> -0.001
A5: Union | B5: 4 | C5: Classified Staff | D5: 0.338 | E5: 0.394 | F5: 0.398 | G5: =+E5-D5 -> 0.056 | H5: =+F5-E5 -> 0.004
A6: ASE | B6: 5 | C6: Academic Student Employees | D6: 0.206 | E6: 0.177 | F6: 0.177 | G6: =+E6-D6 -> -0.029 | H6: =+F6-E6 -> 0
